AoeStats
← JLoos

MegaRandom

509998688Analyzed
2v2 RM · 4d ago on Sep 29, 2026· 44m 30s· 4 players
Game mode
Random Map
Map size
Medium (4 player)
Population
200
Speed
Normal
Resources
Standard
Victory
Conquest
Starting age
Dark Age
Ending age
Imperial Age
RankedLock teamsTeams togetherTeam positionsShared explorationLock speedFull tech treeHidden civsTurbo modeCheats
Victory
Defeat
🇧🇷 Mongols · Brazil
895
+17
🇧🇷 Magyars · Brazil
890
+17
🇺🇸 Mongols · United States
926
-17
🇨🇱 Ethiopians · Chile
910
-17
matiasalexis05
5:09 Loom
7:09 Loom
11:06 Feudal Age
12:38 Double-Bit Axe
16:34 Fishing Lines
20:17 Castle Age
21:12 Gillnets
21:18 Stone Mining
21:18 Gold Mining
24:16 Bow Saw
23:48 Horse Collar
25:10 Stone Shaft Mining
26:39 Light Cavalry
27:27 Heavy Plow
33:40 Husbandry
34:23 Wheelbarrow
33:34 Town Watch
34:05 Scale Mail Armor
37:06 Hand Cart
36:51 Town Patrol
38:29 Forging
40:45 Gold Shaft Mining
40:23 Squires
40:09 Arson
41:49 Chain Mail Armor
42:10 Iron Casting
45:30 Imperial Age
DressComic11760
5:25 Loom
13:25 Feudal Age
14:48 Double-Bit Axe
19:17 Castle Age
17:32 Scale Mail Armor
18:25 Gold Mining
19:40 Forging
20:18 Bow Saw
22:19 Wheelbarrow
23:05 Pikeman
23:50 Fishing Lines
26:37 Squires
28:24 Town Watch
30:00 Fletching
30:28 Hand Cart
34:03 Town Patrol
34:39 Stone Mining
36:19 Thumb Ring
42:09 Nomads
JLoos
6:15 Loom
10:34 Feudal Age
13:47 Double-Bit Axe
20:18 Castle Age
18:55 Horse Collar
22:07 Scale Barding Armor
23:00 Gold Mining
23:21 Fletching
24:11 Husbandry
24:15 Heavy Plow
26:13 Chain Barding Armor
29:13 Padded Archer Armor
32:33 Elite Skirmisher
43:17 Imperial Age
41:27 Wheelbarrow
sabotaaa
7:21 Loom
9:29 Feudal Age
10:13 Double-Bit Axe
10:09 Horse Collar
15:42 Horse Collar
23:15 Castle Age
21:31 Forging
21:29 Scale Barding Armor
21:39 Bloodlines
22:26 Gold Mining
23:49 Wheelbarrow
23:01 Town Watch
24:31 Fishing Lines
25:02 Husbandry
27:02 Bow Saw
26:59 Heavy Plow
28:55 Iron Casting
29:51 Hand Cart
29:37 Town Patrol
33:07 Chain Barding Armor
39:38 Imperial Age
37:34 Ballistics
37:09 Murder Holes
37:25 Masonry
43:18 Padded Archer Armor
43:09 Fletching
44:22 Blast Furnace
44:48 Gold Shaft Mining
44:03 Stone Mining
45:16 Chemistry
44:27 Fortified Wall
44:23 Siege Engineers
44:02 Elite Skirmisher
Connection lost

Rejoining the realm…

Still unreachable

The connection could not be restored.

Session expired

The server has moved on; the page needs a fresh start.